 Dungeon Crawl Stone Soup version 0.28.0-43-g3370ac3207 (webtiles) character file.

Game seed: 6375188786981625202

9 weregamer the Insei (level 2, 23/23 HPs)
             Began as a Gnoll Transmuter on Mar 29, 2022.
             Quit the game on level 1 of the Dungeon.
             The game lasted 00:02:24 (185 turns).

weregamer the Insei (Gnoll Transmuter)               Turns: 185, Time: 00:02:25

Health: 23/23      AC:  3    Str:  9    XL:     2   Next: 16%
Magic:  5/7        EV: 13    Int: 12    God:
Gold:   7          SH:  0    Dex: 12    Spells: 9/10 levels left

rFire   . . .      SeeInvis .     - Unarmed
rCold   . . .      Faith    .   (no shield)
rNeg    . . .      Spirit   .   a - +1 robe
rPois   .          Reflect  .   (helmet currently unavailable)
rElec   .          Harm     .   (no cloak)
rCorr   .          Rampage  .   (no gloves)
Will    .....                   (boots currently unavailable)
Stlth   +.........              (no amulet)
HPRegen 0.07/turn               (no ring)
MPRegen 0.10/turn               (no ring)

@: appendages (expiring)
A: horns 2, talons 2, fangs 1, strong nose, distributed training
a: End Transformation


You were on level 1 of the Dungeon.
You had temporarily grown beastly horns and talons.
You visited 1 branch of the dungeon, and saw 1 of its levels.

You collected 7 gold pieces.

Inventory:

Armour
 a - a +1 robe (worn)
Potions
 c - a potion of degeneration
 d - a potion of berserk rage {unknown}


   Skills:
 + Level 2.4 Fighting
 + Level 0.3 Short Blades
 + Level 0.3 Long Blades
 + Level 0.3 Axes
 + Level 0.3 Maces & Flails
 + Level 0.3 Polearms
 + Level 0.3 Staves
 + Level 0.3 Slings
 + Level 0.3 Bows
 + Level 0.3 Crossbows
 + Level 0.3 Throwing
 + Level 0.3 Armour
 + Level 4.4 Dodging
 + Level 0.3 Stealth
 + Level 0.3 Shields
 + Level 6.4 Unarmed Combat
 + Level 4.9 Spellcasting
 + Level 0.2 Conjurations
 + Level 0.2 Hexes
 + Level 0.2 Summonings
 + Level 0.2 Necromancy
 + Level 0.2 Translocations
 + Level 3.7 Transmutations
 + Level 0.2 Fire Magic
 + Level 0.2 Ice Magic
 + Level 0.2 Air Magic
 + Level 0.2 Earth Magic
 + Level 0.2 Poison Magic
 + Level 0.4 Invocations
 + Level 0.3 Evocations


You had 9 spell levels left.
You knew the following spells:

 Your Spells              Type           Power      Damage    Failure   Level
a - Beastly Appendage     Tmut           22%        N/A       4%          1

Your spell library contained the following spells:

 Spells                   Type           Power      Damage    Failure   Level
 Wereblood                Tmut           11%        N/A       7%          2
 Spider Form              Tmut/Pois      7%         N/A       26%         3
 Ice Form                 Ice/Tmut       7%         N/A       65%         4


Dungeon Overview and Level Annotations

Branches:
Dungeon (1/15)

Altars:


Innate Abilities, Weirdness & Mutations

You have temporarily grown beastly horns and talons.
You have very sharp teeth.
Your uncanny sense of smell can sniff out nearby items.
Your experience applies equally to all skills.


Message History

A bat comes into view.
Casting: Beastly Appendage (safe; 4% risk of failure)
Confirm with . or Enter, or press ? or * to list all spells.
You grow a pair of large bovine horns.
Your feet morph into talons.
The bat barely misses you. The bat closely misses you.
You closely miss the bat. Your kick misses the bat. Your punch misses the bat.
The bat hits you but does no damage.
You hit the bat.
You kill the bat!
Your transformation is almost over.
You see here a bat corpse.
A bat comes into view.
You see here 12 stones.
The bat hits you but does no damage.
You miss the bat. Your bite misses the bat. The bat barely misses you.
The bat closely misses you. x2
You barely miss the bat.
Your horns disappear.
Your talons disappear.
The bat misses you.
Casting: Beastly Appendage (safe; 4% risk of failure)
Confirm with . or Enter, or press ? or * to list all spells.
You grow a pair of large bovine horns.
Your feet morph into talons.
The bat closely misses you. The bat completely misses you.
You barely miss the bat. You claw the bat.
You kill the bat!
You have reached level 2!
Unknown command.
A dart slug comes into view.
Found a ring mail.
Your transformation is almost over.
You see here a bat corpse.
A hobgoblin comes into view.
Found 13 gold pieces.
The helpless dart slug fails to defend itself.
You punch the dart slug!
You kill the dart slug!
The hobgoblin shouts!
A bat comes into view.
The bat moves out of view.
Are you sure you want to abandon this character and quit the game? (Confirm with "yes".)

#.###.... ∆ #....(...
..###.... #.# #.### ###
#.# #.# ...###.# #.###
#### ...#.# #....
##..## #....# #..†#
#..@[# #.##.####>##
#.†#$.g.#.........# #.
##.##..##.##.######
#...#..####..##......).
#.....(†....###########
##.....###### #######


You could see a hobgoblin.

Vanquished Creatures
  A dart slug (D:1)
  2 ball pythons (D:1)
  2 bats (D:1)
  A giant cockroach (D:1)
  A kobold (D:1)
7 creatures vanquished.

Notes
Turn   | Place    | Note
-------+----------+-------------------------------------------
     0 | D:1      | weregamer the Gnoll Transmuter began the quest for the Orb.
     0 | D:1      | Reached XP level 1. HP: 17/17 MP: 6/6
   182 | D:1      | Reached XP level 2. HP: 23/23 MP: 5/7
   185 | D:1      | Quit the game

Illustrated notes

Levels and vault maps discovered:
D:1:      dpeg_arrival_tiny_f, layout_loops_ring, minmay_close_crescents

Action                   || total
-------------------------++-------
Melee: Unarmed           ||    15
       Headbutt          ||     2
       Kick              ||     1
       Punch             ||     1
       Bite              ||     1
 Cast: Beastly Appendage ||     4
  Use: Scroll            ||     3
 Stab: Sleeping          ||     1
Armor: Robe              ||     4
Dodge: Dodged            ||    12
